 Dungeon Crawl Stone Soup version 0.29.1-13-g9f3cf754e1 (webtiles) character file.

Game seed: 6980907266294794651

1375 wolfrpgdude the Shield-Bearer (level 8, -4/73 HPs)
             Began as a Minotaur Fighter on Feb 11, 2023.
             Was an Initiate of Hepliaklqana.
             Killed by divine providence
             ... invoked by an orc priest
              (13 damage)
             ... on level 5 of the Dungeon.
             The game lasted 00:07:54 (4570 turns).

wolfrpgdude the Shield-Bearer (Minotaur Fighter)    Turns: 4570, Time: 00:07:55

Health: -4/73      AC: 18    Str: 30    XL:     8   Next: 39%
Magic:  7/7        EV:  9    Int:  5    God:    Hepliaklqana [......]
Gold:   282        SH:  5    Dex:  9    Spells: 7/7 levels left

rFire   x x .      SeeInvis .   m - +0 broad axe (chaos)
rCold   x x .      Faith    .   c - +0 buckler
rNeg    . . .      Spirit   .   b - +1 scale mail
rPois   +          Reflect  .   (helmet restricted)
rElec   .          Harm     .   (no cloak)
rCorr   .          Rampage  .   (no gloves)
Will    .....                   o - +0 pair of boots
Stlth   ..........              n - amulet of Elemental Vulnerability {rPois rF-- rC-- AC+8}
HPRegen 0.22/turn               s - +6 ring of strength
MPRegen 0.10/turn               (no ring)

@: no status effects
A: horns 2, retaliatory headbutt
a: Renounce Religion


You were on level 5 of the Dungeon.
You worshipped Hepliaklqana.
Hepliaklqana was noncommittal.
You visited 2 branches of the dungeon, and saw 6 of its levels.

You collected 282 gold pieces.

Inventory:

Hand Weapons
 m - a +0 broad axe of chaos (weapon)
 x - a +2 whip of electrocution
Armour
 b - a +1 scale mail (worn)
 c - a +0 buckler (worn)
 o - a +0 pair of boots (worn)
Jewellery
 n - the amulet of Elemental Vulnerability (around neck) {rPois rF-- rC-- AC+8}
   (You found it on level 2 of the Dungeon)

   [amulet of nothing]

   AC:        It affects your AC (+8).
   rF:        It makes you very vulnerable to fire.
   rC:        It makes you very vulnerable to cold.
   rPois:     It protects you from poison.
 s - a +6 ring of strength (left hand)
 u - a ring of wizardry
Wands
 q - a wand of acid (12)
Scrolls
 e - 13 scrolls of identify
 g - a scroll of enchant armour
 h - a scroll of magic mapping
 i - 2 scrolls of brand weapon
 j - a scroll of blinking {unknown}
 k - a scroll of fog {unknown}
 r - 2 scrolls of poison
 v - a scroll of vulnerability {unknown}
Potions
 a - 2 potions of flight {unknown}
 d - 2 potions of might
 f - 2 potions of lignification {unknown}
 l - a potion of berserk rage {unknown}
 p - 2 potions of brilliance {unknown}
 t - 2 potions of ambrosia {unknown}
 w - a potion of magic {unknown}


   Skills:
 + Level 7.1 Fighting
 + Level 6.6 Long Blades
 + Level 7.1 Armour
 + Level 7.2 Shields


You had 7 spell levels left.
You didn't know any spells.
Your spell library contained the following spells:

 Spells                   Type           Power      Damage    Failure   Level
 Magic Dart               Conj           0%         1d3       78%         1
 Call Imp                 Summ           0%         N/A       89%         2
 Ensorcelled Hibernation  Hex/Ice        0%         N/A       89%         2
 Passwall                 Tmut/Erth      0%         N/A       89%         2
 Mephitic Cloud           Conj/Pois/Air  0%         N/A       98%         3
 Spider Form              Tmut/Pois      0%         N/A       98%         3
 Swiftness                Air            0%         N/A       98%         3
 Anguish                  Hex/Necr       0%         N/A       100%        4


Dungeon Overview and Level Annotations

Branches:
Dungeon (5/15)             Temple (1/1) D:4

Altars:
Ashenzari
Dithmenos
Fedhas
Gozag
Hepliaklqana
Kikubaaqudgha
Makhleb
Okawaru
Trog
Zin
Lugonu

Shops:
D:3 [


Innate Abilities, Weirdness & Mutations

You have a pair of horns on your head.
You reflexively headbutt those who attack you in melee.


Message History

You barely miss the orc. Your headbutt misses the orc.
The orc closely misses you. The orc barely misses you. You furiously retaliate!
You headbutt the orc!
You kill the orc!
You closely miss the orc priest.
The orc priest hits you but does no damage.
An orc priest comes into view.
It is wielding a +1 short sword of protection.
The orc priest mumbles some strange prayers to Beogh against you.
Beogh smites you!
The orc priest hits you but does no damage.
You closely miss the orc priest. The orc priest barely misses you.
You barely miss the orc priest. You headbutt the orc priest.
The orc priest is lightly wounded.
The orc priest closely misses you.
The orc priest hits you but does no damage.
You barely miss the orc priest.
The orc priest is lightly wounded.
The orc priest looks encouraged for a moment.
The orc priest invokes the aid of Beogh against you.
Pain shoots through your body!
You barely miss the orc priest. You headbutt the orc priest!
The orc priest is heavily wounded.
The orc priest invokes the aid of Beogh against you.
You struggle to resist.
You hit the orc priest but do no damage.
Your headbutt misses the orc priest.
The orc priest is heavily wounded.
The orc priest hits you but does no damage. x2
You hit the orc priest.
The orc priest easily resists.
The orc priest is severely wounded.
The orc priest hits you with a +0 flail.
The orc priest mumbles some strange prayers to Beogh against you.
Beogh smites you!
* * * LOW HITPOINT WARNING * * *
The orc priest hits you but does no damage.
You closely miss the orc priest. You headbutt the orc priest.
You kill the orc priest!
The orc priest calls down the wrath of Beogh upon you.
Beogh smites you!
You die...

.....# #....# *,******,* .....#
#....#**,,,*,,,,*
.....######....##,,*,*,,,,*
..........+..†..#..*,*,,,,*
..........#........#,*,,,,*
...........<.'#....#,*,,,,*
.............'.....#,*,,,,*
.............#######.#***,*
............#...@o.o.# *,*
).............######## *,*
..............# *,*
..#####.......# *,*
........#.....###########.#******
...)....................>..,,,,,*
..##.)..#.................*****,*
..###.#.......##########.####**,*
..# #.#.#)#.........#.......,,,,*


You could see an orc priest and an orc.

Vanquished Creatures
  Pikel (D:5)
  Eustachio (D:5)
  An ice beast (D:5)
  An ogre (D:5)
  Blork the orc (D:5)
  A necrophage (D:5)
  2 scorpions (D:5)
  A howler monkey (D:5)
  2 orc priests
  2 hounds
  2 iguanas (D:5)
  7 gnolls
  3 adders (D:2)
  2 ufetubi
  A worm (D:4)
  A dart slug (D:1)
  18 orcs
  5 endoplasms
  2 giant cockroaches
  10 goblins
  7 hobgoblins
  A quokka (D:2)
  5 ball pythons
  4 bats
  3 frilled lizards
  7 kobolds
  7 rats
98 creatures vanquished.

Notes
Turn   | Place    | Note
-------+----------+-------------------------------------------
     0 | D:1      | wolfrpgdude the Minotaur Fighter began the quest for the
                  | Orb.
     0 | D:1      | Reached XP level 1. HP: 19/19 MP: 0/0
   203 | D:1      | Reached XP level 2. HP: 20/27 MP: 1/1
   793 | D:2      | Reached XP level 3. HP: 33/33 MP: 2/2
   812 | D:2      | Found a broken altar of Ashenzari.
   871 | D:2      | Found a faded altar of an unknown god.
  1234 | D:2      | Found the amulet of Elemental Vulnerability {rPois rF--
                  | rC-- AC+8}
  1373 | D:3      | Found Goekhl Capno's Armour Emporium.
  1413 | D:3      | Reached XP level 4. HP: 36/40 MP: 3/3
  2056 | D:3      | Found an opulent altar of Gozag.
  2426 | D:4      | Reached XP level 5. HP: 42/47 MP: 4/4
  2548 | D:4      | Found a staircase to the Ecumenical Temple.
  3085 | Temple   | Entered the Ecumenical Temple
  3121 | Temple   | Became a worshipper of Hepliaklqana the Forgotten
  3367 | D:4      | Reached skill level 5 in Shields
  3443 | D:4      | Reached skill level 5 in Armour
  3626 | D:5      | Entered Level 5 of the Dungeon
  3638 | D:5      | Reached skill level 5 in Fighting
  3638 | D:5      | Reached XP level 6. HP: 56/56 MP: 5/5
  3743 | D:5      | Noticed an ice beast
  3751 | D:5      | Killed an ice beast
  3854 | D:5      | Reached skill level 5 in Long Blades
  3854 | D:5      | Reached XP level 7. HP: 56/62 MP: 6/6
  3936 | D:5      | Noticed Pikel
  3956 | D:5      | Killed Pikel
  3957 | D:5      | Reached XP level 8. HP: 32/71 MP: 7/7
  4137 | D:5      | Noticed Blork the orc
  4143 | D:5      | Killed Blork the orc
  4143 | D:5      | Noticed Eustachio
  4177 | D:5      | Killed Eustachio
  4570 | D:5      | Killed from afar by an orc priest

Illustrated notes

Levels and vault maps discovered:
D:1:      minmay_arrival_open_corners, layout_basic, serial_bayou_crossing
D:2:      layout_basic, basic_altar, ebering_ecumenical_altar_ruins
D:3:      layout_basic, marbit_many_paths, serial_shops, nicolae_shop_stone
D:4:      layout_loops_ring, minmay_temple_entry_junction_2
D:5:      cheibrodos_quashed, layout_basic, uniq_pikel, uniq_eustachio,
          uniq_blork_the_orc
Temple:   corrupted_temple

Skill      XL: |  1  2  3  4  5  6  7  8 |
---------------+-------------------------+-----
Armour         | 4 5 6 7 |  7.1
Shields        | 4 5 6 7 |  7.2
Fighting       | 4 5 6 7 |  7.1
Long Blades    | 3 4 5 6 |  6.6

Action                   |  1- 3 |  4- 6 |  7- 9 || total
-------------------------+-------+-------+-------++-------
Melee: Long sword        |    85 |       |       ||    85
       Headbutt          |    13 |    15 |    11 ||    39
       Broad axe         |    12 |   113 |    66 ||   191
  Use: Scroll            |       |       |     5 ||     5
 Stab: Paralysed         |       |       |     2 ||     2
Armor: Scale mail        |    57 |    97 |    63 ||   217
Dodge: Dodged            |    62 |    68 |    40 ||   170
Block: Buckler           |    27 |    44 |    33 ||   104
